 Dungeon Crawl Stone Soup version 0.28.0-53-g5a82cb258f (webtiles) character file.

Game seed: 6168044836826031149

419 Sin92 the Skirmisher (level 6, 0/48 HPs)
             Began as a Demonspawn Fighter on July 1, 2022.
             Frozen to death by an endoplasm (2 damage)
             ... on level 4 of the Dungeon.
             The game lasted 00:05:26 (3109 turns).

Sin92 the Skirmisher (Demonspawn Fighter)           Turns: 3109, Time: 00:05:27

Health: 0/48       AC: 11    Str: 15 (16) XL:     6   Next: 62%
Magic:  6/6        EV:  6    Int:  6 (9)  God:
Gold:   186        SH:  0    Dex: 13 (15) Spells: 5/5 levels left

rFire   + . .      SeeInvis .   a - +0 long sword
rCold   . . .      Faith    .   c - +1 buckler
rNeg    . . .      Spirit   .   h - +0 chain mail {rPois}
rPois   +          Reflect  .   (no helmet)
rElec   .          Harm     .   (no cloak)
rCorr   .          Rampage  .   (no gloves)
Will    .....                   (no boots)
Stlth   ..........              j - amulet of regeneration
HPRegen 0.96/turn               f - ring of protection from fire
MPRegen 0.10/turn               (no ring)

@: confused
A: yellow scales 1, ignite blood 1
a: no special abilities


You were on level 4 of the Dungeon.
You visited 1 branch of the dungeon, and saw 4 of its levels.

You collected 186 gold pieces.

Inventory:

Hand Weapons
 a - a +0 long sword (weapon)
Armour
 b - a +0 scale mail
 c - a +1 buckler (worn)
 h - a +0 chain mail of poison resistance (worn)
Jewellery
 f - a ring of protection from fire (left hand)
 j - an amulet of regeneration (around neck)
 l - an amulet of guardian spirit
Scrolls
 o - 3 scrolls of fear
Potions
 e - 3 potions of curing
 i - 2 potions of flight
 m - 2 potions of invisibility {unknown}
 n - a potion of lignification {unknown}


   Skills:
 + Level 4.0 Fighting
 * Level 3.9 Long Blades
 + Level 3.7 Armour
 + Level 2.3 Dodging
 + Level 3.7 Shields


You had 5 spell levels left.
You didn't know any spells.
Your spell library was empty.

Dungeon Overview and Level Annotations

Branches:
Dungeon (4/15)
 Temple: D:4-7

Altars:
Makhleb


Innate Abilities, Weirdness & Mutations

You are partially covered in yellow scales. (AC +2)
Your demonic aura sometimes causes spilled blood to erupt in flames.


Message History

The orc hits you with a +0 whip. The orc hits you with a +0 short sword.
You miss something.
You hear some strange, mumbled words.
A magic dart appears from out of thin air!
The magic dart hits you but does no damage.
The endoplasm hits you but does no damage.
The orc hits you but does no damage. The orc barely misses you.
The orc hits you with a +0 short sword. Something hits you but does no damage.
You hit something but do no damage. The endoplasm freezes you.
You are frozen.
* * * LOW HITPOINT WARNING * * *
The orc hits you but does no damage. x2; The orc barely misses you.
Something hits you but does no damage.
The giant cockroach waves its antennae.
The endoplasm hits you but does no damage.
You closely miss something. The orc hits you but does no damage.
The orc hits you with a +0 whip.
* * * LOW HITPOINT WARNING * * *
The orc hits you but does no damage.
You hear some strange, mumbled words.
You are confused.
The endoplasm hits you but does no damage.
The orc hits you but does no damage.
You miss the orc. The orc hits you with a +0 whip.
* * * LOW HITPOINT WARNING * * *
The orc hits you but does no damage. Something hits you.
* * * LOW HITPOINT WARNING * * *
The endoplasm completely misses you. The orc hits you with a +0 club.
* * * LOW HITPOINT WARNING * * *
The orc closely misses you.
You slash the orc!
You kill the orc!
The orc hits you with a +0 short sword.
* * * LOW HITPOINT WARNING * * *
Something hits you.
* * * LOW HITPOINT WARNING * * *
The endoplasm freezes you.
You are frozen.
You die...

##########
#.........#
#......>..# J
#..>.....#8 ?.
#{o......8. ..o
#@Jo.....8 ....
#ooB.....8
.....##s..#####8
#o.............
.....#........?.
.### #Z.#######.
....# ....###
##...


You could see a scorpion, 4 orcs, an endoplasm and a giant cockroach.

Vanquished Creatures
  2 kobold brigands (D:3)
  Robin (D:3)
  13 gnolls (D:3)
  2 adders
  A worm (D:3)
  9 orcs
  10 endoplasms
  7 goblins
  8 hobgoblins
  5 jackals
  35 kobolds
  4 quokkas
  8 ball pythons
  3 bats (D:1)
  3 frilled lizards
  4 rats (D:1)
115 creatures vanquished.

Notes
Turn   | Place    | Note
-------+----------+-------------------------------------------
     0 | D:1      | Sin92 the Demonspawn Fighter began the quest for the Orb.
     0 | D:1      | Reached XP level 1. HP: 18/18 MP: 1/1
    84 | D:1      | Gained mutation: Your demonic aura sometimes causes spilled
                  | blood to erupt in flames. [demonic ancestry]
    84 | D:1      | Reached XP level 2. HP: 12/24 MP: 2/2
  1247 | D:2      | Reached XP level 3. HP: 29/29 MP: 3/3
  1360 | D:2      | Found a faded altar of an unknown god.
  1381 | D:2      | Found a burning altar of Makhleb.
  1749 | D:3      | Reached skill level 1 in Dodging
  1792 | D:3      | Noticed Robin
  1803 | D:3      | Killed Robin
  1817 | D:3      | Reached XP level 4. HP: 25/35 MP: 4/4
  2518 | D:3      | Noticed a kobold brigand
  2531 | D:3      | Killed a kobold brigand
  2532 | D:3      | Gained mutation: You are partially covered in yellow
                  | scales. (AC +2) [demonic ancestry]
  2532 | D:3      | Reached XP level 5. HP: 21/42 MP: 5/5
  2761 | D:3      | Reached XP level 6. HP: 40/48 MP: 6/6
  2786 | D:3      | Reached skill level 4 in Fighting
  3109 | D:4      | HP: 2/48 [something (2)]
  3109 | D:4      | Frozen to death by an endoplasm

Illustrated notes

Levels and vault maps discovered:
D:1:      amcnicky_arrival_underground_garden, layout_basic
D:2:      layout_rooms, hellmonk_ecumenical_altar_leap_of_faith, basic_altar
D:3:      minmay_goblin_kobold_castle, layout_loops_ring,
          minmay_misc_feat_columns, uniq_robin
D:4:      layout_rooms, minmay_temple_entry_statues, kennysheep_generic_room_7,
          uniq_grinder

Skill      XL: |  1  2  3  4  5  6 |
---------------+-------------------+-----
Long Blades    | 2 3 |  3.9
Armour         | 3 |  3.7
Shields        | 3 |  3.7
Dodging        | 1 2 |  2.3
Fighting       | 4 |  4.0

Action                   |  1- 3 |  4- 6 || total
-------------------------+-------+-------++-------
Melee: Long sword        |   125 |   242 ||   367
  Use: Scroll            |     5 |     1 ||     6
       Potion            |       |     4 ||     4
Armor: Scale mail        |    56 |    85 ||   141
       Chain mail        |       |   112 ||   112
Dodge: Dodged            |    64 |   161 ||   225
Block: Buckler           |    44 |   120 ||   164
